 Dungeon Crawl Stone Soup version 0.30-a0-279-g4b46babb21 (webtiles) character file.

Game seed: 7254290456547114290

19 hikkokomori the Sneak (level 2, 0/18 HPs)
             Began as a Tengu Brigand on Oct 16, 2022.
             Succumbed to a kobold's poison
             ... on level 1 of the Dungeon.
             The game lasted 00:01:13 (199 turns).

hikkokomori the Sneak (Tengu Brigand)                Turns: 199, Time: 00:01:13

Health: 0/18       AC:  3    Str: 11    XL:     2   Next: 75%
Magic:  3/3        EV: 12    Int: 11    God:
Gold:   11         SH:  0    Dex: 15    Spells: 1/1 levels left

rFire   . . .      SeeInvis .    a - +2 dagger
rCold   . . .      Faith    .    (no shield)
rNeg    . . .      Spirit   .    b - +0 robe
rPois   .          Reflect  .    (helmet restricted)
rElec   .          Harm     .    c - +0 cloak
rCorr   .          Rampage  .    (no gloves)
Will    .....                    (boots unavailable)
Stlth   +++.......               (no amulet)
HPRegen 0.23/turn                (no ring)
MPRegen 0.08/turn                (no ring)

@: lethally poisoned (0 -> -2)
A: beak, talons 3
a: no special abilities


You were on level 1 of the Dungeon.
You visited 1 branch of the dungeon, and saw 1 of its levels.

You collected 11 gold pieces.

Inventory:

Hand Weapons
 a - a +2 dagger (weapon)
 f - a +1 dagger of venom
Missiles
 d - 12 poisoned darts (quivered)
 e - 3 curare-tipped darts
Armour
 b - a +0 robe (worn)
 c - a +0 cloak (worn)


   Skills:
 + Level 2.5 Fighting
 - Level 2.1 Short Blades
 - Level 2.0 Throwing
 - Level 0.2 Armour
 + Level 2.0 Dodging
 - Level 4.1 Stealth


You had one spell level left.
You didn't know any spells.
Your spell library was empty.

Dungeon Overview and Level Annotations

Branches:
Dungeon (1/15)

Altars:


Innate Abilities, Weirdness & Mutations

You have a beak for a mouth.
You have claws for feet.


Message History

The frilled lizard attacks as you move away!
The frilled lizard bites you but does no damage.
The frilled lizard attacks as you move away!
The frilled lizard closely misses you.
* * * LOW HITPOINT WARNING * * *
You feel very sick.
It was a potion of curing.
You feel better.
The frilled lizard bites you but does no damage.
You miss the frilled lizard. You claw the frilled lizard.
You kill the frilled lizard!
Your Dodging skill increases to level 2!
You completely miss the frilled lizard. Your peck misses the frilled lizard.
The kobold misses you. The frilled lizard closely misses you.
You hit the kobold. Your kick misses the kobold.
The kobold is moderately wounded.
The frilled lizard bites you but does no damage.
The kobold hits you with a +1 dagger of venom.
You are lethally poisoned!
You hit the kobold. You claw the kobold.
You kill the kobold!
You feel very sick. The frilled lizard barely misses you.
You hit the frilled lizard.
You kill the frilled lizard!
You feel sick.
* * * LOW HITPOINT WARNING * * *
You feel sick.
You see here a +1 dagger of venom.
f - a +1 dagger of venom
* * * LOW HITPOINT WARNING * * *
You feel sick.
You aren't carrying any potions.
You aren't carrying any scrolls.
* * * LOW HITPOINT WARNING * * *
You feel sick.
* * * LOW HITPOINT WARNING * * *
You feel sick.
* * * LOW HITPOINT WARNING * * *
You feel sick.
You die...

#....####.# ###
########..#....#
...............#
..........♣....#
.........♣.♣...##
........♣._.♣......
......†..♣.♣..#....
..........♣...#.###
.........@........
.......#######..#.
....... .## .......
# ####.## ..


There were no monsters in sight!

Vanquished Creatures
  A dart slug (D:1)
  3 endoplasms (D:1)
  A giant cockroach (D:1)
  A goblin (D:1)
  3 kobolds (D:1)
  A quokka (D:1)
  2 ball pythons (D:1)
  2 frilled lizards (D:1)
  3 rats (D:1)
17 creatures vanquished.

Notes
Turn   | Place    | Note
-------+----------+-------------------------------------------
     0 | D:1      | hikkokomori the Tengu Brigand began the quest for the Orb.
     0 | D:1      | Reached XP level 1. HP: 12/12 MP: 2/2
    57 | D:1      | Reached XP level 2. HP: 14/17 MP: 3/3
   170 | D:1      | Found a faded altar of an unknown god.
   199 | D:1      | Succumbed to a kobold's poison

Illustrated notes

Levels and vault maps discovered:
D:1:      dpeg_arrival_water_temple_mockup, layout_rooms,
          chequers_ecumenical_altar_simple_redux, minmay_surrounded

Skill      XL: |  1  2 |
---------------+-------+-----
Dodging        | 2 |  2.0
Fighting       | |  2.5
Short Blades   | |  2.1
Throwing       | |  2.0
Armour         | |  0.2
Stealth        | |  4.1

Action                   || total
-------------------------++-------
Melee: Dagger            ||    28
       Kick              ||     8
       Peck              ||     1
  Use: Potion            ||     1
 Stab: Sleeping          ||     3
Armor: Robe              ||     7
Dodge: Dodged            ||    22

Table legend: (Time is in decaauts)
 A = Elapsed time spent in this place.
 B = Non-inter-level travel time spent in this place.
 C = Inter-level travel time spent in this place.
 D = Time resting spent in this place.
 E = Time spent auto-exploring this place.
 F = Levels seen in this place.
 G = Mean time per level.
                   A        B        C        D        E       F      G
               +--------+--------+--------+--------+--------+-----+--------+
         Total |    196 |    196 |      0 |      0 |    118 |   1 |  196.0 |
       Dungeon |    196 |    196 |      0 |      0 |    118 |   1 |  196.0 |
               +--------+--------+--------+--------+--------+-----+--------+

Top non-repeatable levels by time:
     D:1: 196 daAuts
